AoeStats
← Eliot

Arena

509750478Analyzed
1v1 RM · 6d ago on Sep 27, 2026· 66m 24s· 2 players
Game mode
Random Map
Map size
Tiny (2 player)
Population
200
Speed
Normal
Resources
Standard
Victory
Conquest
Starting age
Dark Age
Ending age
Imperial Age
RankedLock teamsTeams togetherTeam positionsShared explorationLock speedFull tech treeHidden civsTurbo modeCheats
Victory
Defeat
🇪🇸 Saxons · Spain
1573
+19
🇦🇷 Varangians · Argentina
1631
-19
Eliot
10:24 Feudal Age
15:04 Castle Age
13:43 Horse Collar
13:53 Double-Bit Axe
15:36 Fletching
24:22 Wheelbarrow
23:34 Town Watch
25:01 Bow Saw
27:47 Bodkin Arrow
28:33 Padded Archer Armor
32:04 Imperial Age
29:52 Hand Cart
30:44 Leather Archer Armor
32:29 Ballistics
33:30 Bracer
33:31 Scale Mail Armor
33:41 Forging
33:37 Gold Mining
33:38 Stone Mining
34:58 Two-Man Saw
33:22 Pikeman
34:33 Squires
34:36 Halberdier
35:58 Bloodlines
35:49 Husbandry
36:36 Thumb Ring
35:52 Cranequins
37:16 Chain Mail Armor
37:37 Iron Casting
38:22 Chemistry
38:08 Conscription
37:19 Shield Wall
38:14 Heavy Mounted Crossbowman
39:56 Plate Mail Armor
40:44 Gold Shaft Mining
41:12 Masonry
40:58 Murder Holes
41:44 Ring Archer Armor
42:17 Hoardings
43:24 Loom
43:41 Town Patrol
44:11 Crossbowman
51:17 Siege Engineers
60:26 Elite Hearth Troop
61:34 Heavy Plow
Jhoonas
9:53 Feudal Age
13:57 Castle Age
13:48 Double-Bit Axe
16:47 Bloodlines
17:40 Husbandry
17:32 Loom
18:22 Scale Barding Armor
18:31 Light Cavalry
21:02 Chain Barding Armor
22:28 Horse Collar
29:13 Imperial Age
28:19 Wheelbarrow
29:17 Chain Barding Armor
29:09 Bow Saw
29:25 Gold Mining
29:31 Stone Mining
29:33 Gold Mining
30:50 Plate Barding Armor
30:15 Hussar
31:49 Heavy Plow
33:38 Fletching
36:04 Forging
36:40 Hand Cart
36:14 Town Watch
37:33 Conscription
38:33 Iron Casting
39:22 Masonry
39:42 Town Patrol
41:05 Chemistry
40:06 Bodkin Arrow
41:57 Blast Furnace
40:59 Bracer
42:03 Crop Rotation
42:52 Two-Man Saw
41:37 Elite Jarl
44:15 Fervor
47:16 Architecture
47:08 Ballistics
47:11 Guilds
47:40 Devotion
52:28 Padded Archer Armor
52:19 Treadmill Crane
52:42 Elite Skirmisher
54:41 Leather Archer Armor
56:25 Ring Archer Armor
59:28 Vendel Legacy
59:31 Cavalier
Connection lost

Rejoining the realm…

Still unreachable

The connection could not be restored.

Session expired

The server has moved on; the page needs a fresh start.